 Dungeon Crawl Stone Soup version 0.22-a0-456-g11ed031 (webtiles) character file.

125 Espgualade the Skirmisher (level 5, -2/34 HPs)
             Began as a Tengu Ice Elementalist on June 6, 2018.
             Slain by a bullfrog (7 damage)
             ... on level 4 of the Dungeon.
             The game lasted 00:07:56 (2645 turns).

Espgualade the Skirmisher (Tengu Ice Elementalist)  Turns: 2645, Time: 00:07:56

Health: -2/34      AC:  2    Str:  9    XL:     5   Next: 9%
Magic:  1/9        EV: 12    Int: 16    God:
Gold:   136        SH:  0    Dex: 14    Spells: 2/8 levels left

rFire    . . .     SeeInvis .   b - +0 dagger
rCold    . . .     Gourm    .   (no shield)
rNeg     . . .     Faith    .   a - +0 robe
rPois    .         Spirit   .   (helmet restricted)
rElec    .         Reflect  .   (no cloak)
rCorr    .         Harm     .   (no gloves)
MR       .....                  (boots unavailable)
Stlth    ++........             (no amulet)
HPRegen  0.11/turn              (no ring)
MPRegen  0.11/turn              (no ring)

@: no status effects
A: beak, talons 3, able to fly 1
a: Fly


You were on level 4 of the Dungeon.
You were not hungry.

You visited 1 branch of the dungeon, and saw 4 of its levels.

You collected 136 gold pieces.

Inventory:

Hand Weapons
 b - a +0 dagger (weapon)
Armour
 a - a +0 robe (worn)
Scrolls
 d - a scroll of identify
 e - a scroll of remove curse
Comestibles
 c - 5 rations


   Skills:
 + Level 4.5 Fighting
 - Level 2.1 Dodging
 - Level 2.0 Stealth
 - Level 2.0 Spellcasting
 - Level 1.3 Conjurations
 - Level 2.6 Ice Magic


You had 2 spell levels left.
You knew the following spells:

 Your Spells              Type           Power        Failure   Level  Hunger
a - Freeze                Ice            ##..         7%          1    #......
b - Throw Frost           Conj/Ice       #.....       14%         2    ###....
c - Ozocubu's Armour      Chrm/Ice       #.......     34%         3    ###....

Your spell library contained the following spells:

 Spells                   Type           Power        Failure   Level  Hunger
 Summon Ice Beast         Ice/Summ       #.......     75%         4    #####..
 Throw Icicle             Conj/Ice       #.......     65%         4    #####..


Dungeon Overview and Level Annotations

Branches:
Dungeon (4/15)
 Temple: D:4-7

Altars:
Elyvilon

Annotations:
D:3 Robin


Innate Abilities, Weirdness & Mutations

You have a beak for a mouth.
You have claws for feet.
You can fly.


Message History

The jackal barely misses you.
The jackal bites you but does no damage.
You hit the jackal but do no damage.
You kill the jackal!
The orc priest misses you.
You see here a jackal corpse.
A dart slug comes into view.
A giant cockroach comes into view.
An orc wizard comes into view. It is wielding a dagger of venom.
The orc barely misses you.
Found a club, a scroll of remove curse and 9 gold pieces.
A bullfrog comes into view.
The orc wizard casts a spell.
The orc wizard blinks!
A worker ant comes into view.
The worker ant twitches its antennae in your direction.
The bullfrog hits you.
* * * LOW HITPOINT WARNING * * *
The bullfrog hits you but does no damage.
The bullfrog hits you!
You die...

#.......###
#.........
#........#
#...a....#
#........#
###........#
...........#
#...F@...#
##$.......#
#.........#
#.?oo#######
#)....o....##
#....##.....###
#######†w.§....
#...?s...
####.#...


You could see a bullfrog, a worker ant, an orc priest and an orc.

Vanquished Creatures
  5 adders
  A worm (D:3)
  4 dart slugs
  2 leopard geckos
  2 orcs (D:3)
  4 giant cockroaches
  6 goblins
  6 hobgoblins
  10 jackals
  9 kobolds
  2 quokkas
  A ball python (D:2)
  5 bats
  A frilled lizard (D:3)
  4 rats
62 creatures vanquished.

Notes
Turn   | Place    | Note
-------+----------+-------------------------------------------
     0 | D:1      | Espgualade the Tengu Ice Elementalist began the quest for the Orb.
     0 | D:1      | Reached XP level 1. HP: 10/10 MP: 4/4
    31 | D:1      | Reached skill level 1 in Fighting
    40 | D:1      | Reached XP level 2. HP: 9/16 MP: 0/6
   376 | D:1      | Reached skill level 2 in Fighting
   593 | D:1      | Reached XP level 3. HP: 16/22 MP: 7/7
   630 | D:1      | Learned a level 2 spell: Throw Frost
   634 | D:1      | Learned a level 3 spell: Ozocubu's Armour
   731 | D:2      | HP: 1/22 [adder (4)]
  1143 | D:2      | Reached skill level 3 in Fighting
  1301 | D:2      | Found a faded altar of an unknown god.
  1767 | D:3      | Reached XP level 4. HP: 28/28 MP: 5/8
  2103 | D:3      | Reached skill level 4 in Fighting
  2578 | D:3      | Found a white marble altar of Elyvilon.
  2578 | D:3      | Noticed Robin
  2622 | D:3      | Gained mutation: You can fly. [Tengu growth]
  2622 | D:3      | Reached XP level 5. HP: 19/34 MP: 0/9
  2645 | D:4      | Slain by a bullfrog

Vault maps used:
D:1:      dpeg_arrival_arbitrary_c
D:2:      chequers_ecumenical_altar_simple
D:3:      elyvilon_altar_5, uniq_robin
D:4:      chequers_ossuary_entry_cave, first_ration, uniq_edmund, uniq_grinder

Skill      XL: |  1  2  3  4 |
---------------+-------------+-----
Fighting       | 1 2 3 4 |  4.5
Dodging        | |  2.1
Stealth        | |  2.0
Spellcasting   | |  2.0
Conjurations   | |  1.3
Ice Magic      | |  2.6

Action                   |  1- 3 |  4- 6 || total
-------------------------+-------+-------++-------
Melee: Unarmed           |     5 |       ||     5
       Kick              |    11 |     8 ||    19
       Dagger            |    49 |    55 ||   104
       Peck              |    10 |     5 ||    15
 Cast: Freeze            |    40 |    29 ||    69
       Throw Frost       |       |     3 ||     3
       Ozocubu's Armour  |       |     1 ||     1
  Use: Scroll            |     5 |     1 ||     6
       Potion            |     1 |     1 ||     2
 Stab: Sleeping          |     5 |     2 ||     7
  Eat: Chunk             |     3 |     1 ||     4
       Ration            |       |     1 ||     1
Armor: Robe              |     8 |    14 ||    22
Dodge: Dodged            |    58 |    71 ||   129

Table legend:
 A = Spawn XP
 B = Non-spawn XP
 C = Spawn XP percentage of total XP
 D = Spawn monster count
 E = Non-spawn monster count
 F = Spawn count percentage of total count
 G = Total turns spent on level
                    A         B        C        D         E        F      G
               +---------+---------+-------+---------+---------+-------+---------
         Total |       0 |     179 |   0.0 |       0 |      62 |   0.0 |  2645
               +---------+---------+-------+---------+---------+-------+---------
           D:1 |       0 |      34 |   0.0 |       0 |      20 |   0.0 |   650
           D:2 |       0 |      50 |   0.0 |       0 |      18 |   0.0 |  1233
           D:3 |       0 |      91 |   0.0 |       0 |      22 |   0.0 |   750
           D:4 |       0 |       4 |   0.0 |       0 |       2 |   0.0 |    12
               +---------+---------+-------+---------+---------+-------+---------
